 Dungeon Crawl Stone Soup version 0.31.0-11-ge490571c62 (webtiles) character file.

Game seed: 14194943357303981144

117145 qw the Acrobat (level 15, -9/77 HPs)
             Began as a Spriggan Hunter on Feb 4, 2024.
             Was the Champion of Okawaru.
             Blown up by an orb spider (37 damage)
             ... with an orb of destruction
             ... on level 1 of the Spider Nest.
             The game lasted 00:09:28 (20343 turns).

qw the Acrobat (Spriggan Hunter)                   Turns: 20343, Time: 00:09:28

Health: -9/77      AC:  9    Str:  7    XL:     15   Next: 71%
Magic:  23/23      EV: 49    Int:  9    God:    Okawaru [******]
Gold:   1205       SH:  0    Dex: 31    Spells: 14/14 levels left

rFire   . . .        a - +5 hand cannon (freeze)
rCold   + + +        (no shield)
rNeg    . . .        x - +4 skin of Zhor {*Englaciate rC+++ SInv}
rPois   +            (helmet restricted)
rElec   .            b - +2 cloak of Beyond {+Inv rCorr Int-3 Stlth+}
rCorr   +            (gloves unavailable)
SInv    +            (boots unavailable)
Will    ++...        q - amulet of faith
Stlth   ++++         g - +6 ring of dexterity
HPRegen 0.32/turn    i - ring of poison resistance
MPRegen 0.18/turn

%: faith
@: slightly contaminated, very quick
A: very small, no large weapons, unfitting armour, see invisible, speed 3
a: Renounce Religion, Evoke Invisibility, Heroism, Finesse, Duel


You were on level 1 of the Spider Nest.
You worshipped Okawaru.
Okawaru was exalted by your worship.
You visited 5 branches of the dungeon, and saw 24 of its levels.
You also visited: Gauntlet.

You collected 2489 gold pieces.
You spent 1284 gold pieces at shops.


Innate Abilities, Weirdness & Mutations

You are very small and have problems with some larger weapons.
You are too small for most types of armour.
You have supernaturally acute eyesight. (SInv)
You cover ground extremely quickly. (Speed+++)


   Skills:
 - Level 8.0 Fighting
 + Level 18.4 Ranged Weapons
 - Level 2.1 Armour
 - Level 22.0 Dodging
 - Level 1.5 Stealth
 - Level 10.0 Invocations


You had 14 spell levels left.
You didn't know any spells.
Your spell library was empty.

Inventory:

Hand Weapons
 a - a +5 hand cannon of freezing (weapon)
Armour
 b - the +2 cloak of Beyond (worn) {+Inv rCorr Int-3 Stlth+}
   (Okawaru gifted it to you on level 4 of the Lair of Beasts)

   Int-3:     It affects your intelligence (-3).
   +Inv:      It lets you turn invisible.
   rCorr:     It protects you from acid and corrosion.
   Stlth+:    It makes you more stealthy.
 e - a +1 robe of fire resistance
 x - the +4 skin of Zhor (worn) {*Englaciate rC+++ SInv}
   (You found it on level 11 of the Dungeon)

   *Englaciate: It radiates cold, occasionally slowing all nearby creatures who
   are not resistant to cold.
   rC+++:     It renders you almost immune to cold.
   SInv:      It lets you see invisible.
Jewellery
 g - a +6 ring of dexterity (left hand)
 i - a ring of poison resistance (right hand)
 o - an amulet of reflection
 q - an amulet of faith (around neck)
 t - a ring of fire
 v - a +4 ring of protection
Wands
 j - a wand of paralysis (38)
 l - a wand of iceblast (24)
 m - a wand of polymorph (4)
 s - a wand of mindburst (10)
 w - a wand of digging (5)
Scrolls
 h - 3 scrolls of teleportation
 z - 3 scrolls of identify
Potions
 c - 7 potions of resistance
 d - a potion of haste
 f - 11 potions of curing
 k - a potion of enlightenment
 n - a potion of magic
 r - 2 potions of mutation
 u - 5 potions of might

Dungeon Overview and Level Annotations

Branches:
Dungeon (15/15)            Temple (1/1) D:4            Lair (5/5) D:8
  Swamp (0/4) Lair:2       Spider (1/4) Lair:3        Slime (0/5) Lair:5
    Orc (2/2) D:9             Elf (0/3) Orc:2        Vaults (0/5) D:14
 Depths (0/4) D:15        Gauntlet (visited)

Altars:
Ashenzari
Cheibriados
Dithmenos
Elyvilon
Fedhas
Gozag
Hepliaklqana
Kikubaaqudgha
Makhleb
Nemelex Xobeh
Okawaru
Qazlal
Ru
Sif Muna
Trog
Uskayaw
Vehumet
Wu Jian
Xom
Yredelemnul
Zin
The Shining One
Jiyva

Shops:
D:10 *=!(   D:11 ?=   Orc:2 :([*

Portals:
Trove: D:15 (give 15 scrolls of teleportation)

Annotations:
Orc:1 2 runed translucent doors


Message History

The jumping spider completely misses you. x2
You shoot a bolt. The bolt hits the jumping spider!!
The bolt freezes the jumping spider.
You kill the jumping spider!
Okawaru accepts your kill. The tarantella touches you!
The orb spider begins to weave its threads into a brightly glowing ball.
You shoot a bolt. The bolt closely misses the tarantella.
You hear a faint skittering sound.
A radroach comes into view.
The tarantella completely misses you.
You shoot a bolt. The bolt hits the radroach!!
The bolt freezes the radroach!
The radroach is heavily wounded.
You radiate an aura of cold.
The radroach resists.
The tarantella seems to slow down.
The orb spider seems to slow down.
You hear a faint skittering sound.
The radroach misses you. The radroach completely misses you.
You shoot a bolt. The bolt hits the radroach.
The bolt freezes the radroach.
The radroach is heavily wounded.
The radroach erupts in a fountain of uncontrolled magic!
You are blasted with magical radiation!!
You are very lightly contaminated with residual magic.
The tarantella completely misses you. The tarantella closely misses you.
You shoot a bolt. The bolt hits the radroach!
The bolt freezes the radroach.
The radroach is severely wounded.
The radroach erupts in a fountain of uncontrolled magic!
You are blasted with magical radiation.
You are lightly contaminated with residual magic.
The tarantella completely misses you. The tarantella closely misses you.
The orb spider weaves a glowing orb of energy.
An orb of destruction comes into view.
You shoot a bolt. The bolt hits the radroach!
The bolt freezes the radroach.
The radroach is almost dead.
The tarantella misses you. The radroach completely misses you.
The radroach claws you!
The tarantella completely misses you. x2
You shoot a bolt.
The bolt hits the radroach but does no damage.
The radroach is almost dead.
The orb of destruction hits you!!!
You die...

##### .#.####.#
...#. #..#..s.
^... ^..#...# #
#..###..#s#.#..
##......0#.!s.#
#.^.#ss#..)#
###.##...#
#^s#B0s#..#
#.s@0..# .#
##0%##.# ss
#...### ##
#####..##
####.#.#..#
#.#..#....#
#.^.....#.#.
##..#.%.......
#...<#.##.##.#


You could see a radroach, an orb spider (slow) and 2 tarantellas.

Vanquished Creatures
  Saint Roka (Orc:2)
  Louise (D:15)
  A broodmother (Lair:3)
  An ironbound thunderhulk (D:14)
  A dire elephant (Lair:5)
  A minotaur (Gauntlet)
  A great orb of eyes (Gauntlet)
  An entropy weaver (Spider:1)
  A rakshasa (D:15)
  3 ice dragons
  2 vault guards (D:14)
  Erolcha (Orc:2)
  5 hydras
  2 ogre magi (D:15)
  11 two-headed ogres
  6 centaur warriors
  2 boulder beetles
  A death knight (D:15)
  A tengu warrior (D:14)
  Sonja (D:12)
  A hell hog (Lair:5)
  2 orc high priests (Orc:2)
  Nergalle (D:11)
  Urug (Orc:1)
  A skyshark (Lair:4)
  A skeletal warrior (D:15)
  A swamp dragon (Lair:5)
  4 orc knights (Orc:2)
  Pikel (D:5)
  2 deep elf pyromancers
  A phantasmal warrior (D:15)
  2 orc sorcerers (Orc:2)
  A manticore (D:12)
  A wolf spider (Lair:3)
  9 ugly things
  7 cyclopes
  11 elephants
  2 kobold blastminers (Orc:2)
  A guardian serpent (D:13)
  7 black mambas
  9 cane toads
  3 gargoyles
  A torpor snail (Lair:5)
  7 rime drakes
  2 unseen horrors
  2 efreet (D:14)
  Psyche (D:9)
  8 komodo dragons
  A freezing wraith (D:15)
  13 polar bears
  3 trolls
  A queen bee (Gauntlet)
  Prince Ribbit (D:6)
  A hornet (shapeshifter) (D:14)
  4 tarantellas
  Grinder (D:4)
  A raiju (Lair:5)
  A dream sheep (Lair:5)
  12 blink frogs
  4 jumping spiders
  A shadow (D:11)
  3 wraiths
  2 culicivoras (Spider:1)
  2 wyverns
  A slime creature (D:14)
  42 yaks
  7 basilisks
  9 wargs
  2 humans (D:14)
  6 steam dragons
  11 vampire mosquitoes
  11 redbacks
  3 acid dragons
  A swamp worm (Lair:2)
  12 water moccasins
  16 hell hounds (Lair:5)
  An ice beast (D:6)
  32 orc warriors
  A sky beast (D:6)
  2 swamp drakes (Lair:5)
  13 black bears
  19 wolves
  9 ogres
  3 boggarts (D:15)
  15 centaurs
  2 lemures (D:5)
  14 bullfrogs
  2 gnoll sergeants
  A scorpion (D:5)
  11 wights
  6 killer bees (Gauntlet)
  4 electric eels
  6 howler monkeys
  14 orc priests
  3 hounds
  10 jellies
  A gnoll bouda (D:7)
  Ijyb (D:3)
  12 iguanas
  A sleepcap (D:5)
  26 orc wizards
  20 gnolls
  7 adders
  4 shadow imps
  2 white imps
  An ufetubus (D:6)
  3 ribbon worms
  A dart slug (D:2)
  64 orcs
  8 endoplasms
  2 giant cockroaches
  14 goblins
  16 hobgoblins
  5 jackals
  2 quokkas
  11 ball pythons
  4 bats
  2 frilled lizards
  3 kobolds
  7 rats
691 creatures vanquished.

Vanquished Creatures (others)
  An angel (D:8)
  An orc (D:9)
2 creatures vanquished.

Grand Total: 693 creatures vanquished

Notes
Turn   | Place    | Note
-------+----------+-------------------------------------------
     0 | D:1      | qw the Spriggan Hunter began the quest for the Orb.
     0 | D:1      | Reached XP level 1. HP: 10/10 MP: 2/2
     0 | D:1      | 0 ||| qw: Version: 0.3-a-160-g6735b56
     0 | D:1      | 0 ||| qw: Game counter: 5710
     0 | D:1      | 0 ||| qw: Melee chars always use a shield: true
     0 | D:1      | 0 ||| qw: God list: Okawaru
     0 | D:1      | 0 ||| qw: Allow faded altars: false
     0 | D:1      | 0 ||| qw: Do Orc after clearing Dungeon:15 true
     0 | D:1      | 0 ||| qw: Do second Lair branch before Depths: true
     0 | D:1      | 0 ||| qw: Lair rune preference: random
     0 | D:1      | 0 ||| qw: Goals: Normal
     0 | D:1      | 0 ||| PLANNING D:1-11
    22 | D:1      | Reached skill level 3 in Dodging
   167 | D:1      | Reached XP level 2. HP: 14/14 MP: 3/3
   181 | D:1      | Reached skill level 4 in Dodging
   333 | D:1      | Reached XP level 3. HP: 18/18 MP: 4/4
   481 | D:1      | 481 ||| DROPPING amulet of magic regeneration.
   482 | D:1      | 482 ||| UPGRADING to +6 ring of dexterity.
   483 | D:1      | 483 ||| READING 2 scrolls labelled FASKOE ATHRUT.
   483 | D:1      | 483 ||| IDENTIFYING viscous yellow potion
   484 | D:1      | 484 ||| READING scroll of identify.
   484 | D:1      | 484 ||| IDENTIFYING cyan potion
   485 | D:1      | 485 ||| READING scroll labelled BOUNAYSHRIFI.
   486 | D:1      | 486 ||| READING scroll labelled COQIMOI PEID.
   587 | D:1      | 587 ||| DROPPING scroll of butterflies.
   588 | D:1      | 588 ||| DROPPING potion of invisibility.
   589 | D:1      | 589 ||| DROPPING potion of ambrosia.
   714 | D:2      | HP: 4/18 [giant cockroach (2)]
   724 | D:2      | 724 ||| FLEEEEING.
   726 | D:2      | 726 ||| FLEEEEING.
   748 | D:2      | 748 ||| FLEEEEING.
   802 | D:2      | Reached skill level 5 in Dodging
   824 | D:2      | Reached XP level 4. HP: 22/22 MP: 5/5
  1177 | D:2      | HP: 2/22 [gnoll/+0 spear (5)]
  1306 | D:2      | Reached XP level 5. HP: 25/25 MP: 6/6
  1468 | D:2      | 1468 ||| UPGRADING to amulet of regeneration.
  1473 | D:2      | 1473 ||| UPGRADING to +6 ring of strength.
  1474 | D:2      | 1474 ||| READING 2 scrolls of identify.
  1474 | D:2      | 1474 ||| IDENTIFYING 2 murky black potions
  1475 | D:2      | 1475 ||| READING scroll of identify.
  1475 | D:2      | 1475 ||| IDENTIFYING scroll labelled IPSOUD PEBB
  1476 | D:2      | 1476 ||| READING scroll of enchant weapon.
  1476 | D:2      | 1476 ||| ENCHANTING +0 shortbow.
  1477 | D:2      | 1477 ||| READING 2 scrolls labelled SAXTIU WUFRAO.
  1478 | D:2      | 1478 ||| READING scroll labelled HUENIXE JUXKEA.
  1481 | D:2      | 1481 ||| DROPPING scroll of fear.
  1482 | D:2      | 1482 ||| DROPPING 2 potions of berserk rage.
  1768 | D:3      | Noticed Ijyb
  1773 | D:3      | Killed Ijyb
  1774 | D:3      | Reached skill level 6 in Dodging
  1839 | D:3      | Found a faded altar of an unknown god.
  2228 | D:3      | 2228 ||| UPGRADING to +1 robe of cold resistance.
  2238 | D:3      | 2238 ||| DROPPING +0 robe.
  2239 | D:3      | 2239 ||| UPGRADING to ring of poison resistance.
  2241 | D:3      | 2241 ||| DROPPING +6 ring of intelligence.
  2242 | D:3      | 2242 ||| READING scroll labelled EZOETH RUVI.
  2243 | D:3      | 2243 ||| DRINKING 2 fuming ruby potions.
  2244 | D:3      | 2244 ||| DROPPING potion of attraction.
  2387 | D:4      | Reached XP level 6. HP: 30/30 MP: 7/7
  2416 | D:4      | Found a hide-covered altar of Uskayaw.
  2467 | D:4      | Found a staircase to the Ecumenical Temple.
  2468 | D:4      | 2468 ||| PLANNING TEMPLE
  2474 | Temple   | Entered the Ecumenical Temple
  2475 | Temple   | 2475 ||| PLANNING OKAWARU WORSHIP
  2497 | Temple   | Became a worshipper of Warmaster Okawaru
  2498 | Temple   | 2498 ||| PLANNING D:1-11
  2540 | D:4      | Found a white marble altar of Elyvilon.
  2552 | D:4      | Reached skill level 6 in Ranged Weapons
  2568 | D:4      | Noticed Grinder
  2569 | D:4      | 2569 ||| ZAPPING wand of paralysis (9) at 7,-1 (Grinder;
                  | floor).
  2570 | D:4      | 2570 ||| ZAPPING wand of paralysis (8) at 7,-4 (Grinder;
                  | floor).
  2571 | D:4      | 2571 ||| ZAPPING wand of paralysis (7) at 6,-3 (Grinder;
                  | floor).
  2580 | D:4      | Killed Grinder
  2581 | D:4      | Reached skill level 7 in Dodging
  2581 | D:4      | Reached XP level 7. HP: 35/35 MP: 8/8
  2905 | D:5      | Entered Level 5 of the Dungeon
  2908 | D:5      | Reached skill level 8 in Dodging
  3005 | D:5      | Reached * piety under Okawaru
  3049 | D:5      | Reached skill level 1 in Invocations
  3249 | D:5      | 3249 ||| RETREEEEATING.
  3251 | D:5      | Noticed Pikel
  3252 | D:5      | 3252 ||| RETREEEEATING.
  3253 | D:5      | 3253 ||| RETREEEEATING.
  3255 | D:5      | 3255 ||| RETREEEEATING.
  3280 | D:5      | 3280 ||| INVOKING Heroism.
  3295 | D:5      | Killed Pikel
  3296 | D:5      | Reached skill level 9 in Dodging
  3296 | D:5      | Reached XP level 8. HP: 39/39 MP: 8/12
  3433 | D:5      | 3433 ||| DRINKING 2 sedimented inky potions.
  3434 | D:5      | 3434 ||| DROPPING potion of degeneration.
  3832 | D:6      | Noticed Prince Ribbit
  3833 | D:6      | 3833 ||| RETREEEEATING.
  3834 | D:6      | 3834 ||| RETREEEEATING.
  3838 | D:6      | Reached ** piety under Okawaru
  3839 | D:6      | 3839 ||| INVOKING Heroism.
  3846 | D:6      | Killed Prince Ribbit
  3933 | D:6      | 3933 ||| RETREEEEATING.
  3935 | D:6      | 3935 ||| RETREEEEATING.
  3958 | D:6      | 3958 ||| FLEEEEING.
  3959 | D:6      | 3959 ||| FLEEEEING.
  3960 | D:6      | 3960 ||| FLEEEEING.
  3961 | D:6      | 3961 ||| FLEEEEING.
  4057 | D:6      | Reached skill level 3 in Fighting
  4103 | D:6      | Reached XP level 9. HP: 44/44 MP: 13/13
  4112 | D:6      | 4112 ||| Stepping ~*~*~tactically~*~*~ (cloud).
  4200 | D:6      | Found a sparkling altar of Nemelex Xobeh.
  4205 | D:6      | Reached skill level 10 in Dodging
  4208 | D:6      | Reached skill level 9 in Ranged Weapons
  4216 | D:6      | Found a sacrificial altar of Ru.
  4376 | D:6      | 4376 ||| UPGRADING to +0 steam dragon scales.
  4386 | D:6      | 4386 ||| DROPPING +1 robe of cold resistance.
  4387 | D:6      | 4387 ||| READING scroll labelled FEPSUR GOJ YTH.
  4388 | D:6      | 4388 ||| DRINKING 2 bubbling blue potions.
  4389 | D:6      | 4389 ||| DROPPING wand of flame (6).
  4390 | D:6      | 4390 ||| DROPPING potion of brilliance.
  4442 | D:7      | 4442 ||| RETREEEEATING.
  4444 | D:7      | 4444 ||| RETREEEEATING.
  4445 | D:7      | 4445 ||| RETREEEEATING.
  4446 | D:7      | 4446 ||| RETREEEEATING.
  4448 | D:7      | 4448 ||| RETREEEEATING.
  4449 | D:7      | 4449 ||| RETREEEEATING.
  4451 | D:7      | 4451 ||| RETREEEEATING.
  4452 | D:7      | 4452 ||| RETREEEEATING.
  4457 | D:7      | 4457 ||| RETREEEEATING.
  4458 | D:7      | 4458 ||| RETREEEEATING.
  4462 | D:7      | 4462 ||| RETREEEEATING.
  4469 | D:7      | 4469 ||| RETREEEEATING.
  4471 | D:7      | 4471 ||| RETREEEEATING.
  4478 | D:7      | Reached *** piety under Okawaru
  4479 | D:7      | Reached skill level 11 in Dodging
  4527 | D:7      | 4527 ||| RETREEEEATING.
  4530 | D:7      | 4530 ||| RETREEEEATING.
  4532 | D:7      | 4532 ||| RETREEEEATING.
  4533 | D:7      | 4533 ||| RETREEEEATING.
  4534 | D:7      | 4534 ||| RETREEEEATING.
  4535 | D:7      | 4535 ||| RETREEEEATING.
  4653 | D:7      | 4653 ||| SWAPPING to +0 orcbow.
  4654 | D:7      | 4654 ||| DROPPING +1 shortbow.
  4824 | D:7      | 4824 ||| DRINKING 2 white potions.
  4965 | D:8      | Found a shimmering altar of Xom.
  4965 | D:8      | Found a glowing silver altar of Zin.
  4965 | D:8      | Noticed an angel
  5013 | D:8      | Noticed an elephant
  5014 | D:8      | 5014 ||| INVOKING Heroism.
  5026 | D:8      | 5026 ||| RETREEEEATING.
  5027 | D:8      | 5027 ||| RETREEEEATING.
  5029 | D:8      | Killed an elephant
  5030 | D:8      | Reached skill level 12 in Dodging
  5038 | D:8      | 5038 ||| INVOKING Heroism.
  5040 | D:8      | Reached skill level 1 in Armour
  5043 | D:8      | Reached **** piety under Okawaru
  5082 | D:8      | Killed an angel
  5093 | D:8      | Reached XP level 10. HP: 49/49 MP: 14/14
  5193 | D:8      | Found a staircase to the Lair.
  5247 | D:8      | Found an opulent altar of Gozag.
  5302 | D:8      | Noticed a two-headed ogre
  5303 | D:8      | 5303 ||| INVOKING Finesse.
  5323 | D:8      | Killed a two-headed ogre
  5549 | D:8      | 5549 ||| PLANNING LAIR
  5549 | D:8      | 5549 ||| READING scroll labelled WEYRCH HITUSAS.
  5549 | D:8      | Identified a scroll of acquirement
  5549 | D:8      | 5549 ||| ACQUIRING +2 hand cannon of freezing
  5549 | D:8      | Acquired a +2 hand cannon of freezing
  5551 | D:8      | 5551 ||| SWAPPING to +2 hand cannon of freezing.
  5552 | D:8      | 5552 ||| DROPPING +0 orcbow.
  5553 | D:8      | 5553 ||| READING scroll labelled AXOCSA FOFAOG.
  5603 | Lair:1   | Entered Level 1 of the Lair of Beasts
  5704 | Lair:1   | Noticed a cane toad
  5705 | Lair:1   | 5705 ||| RETREEEEATING.
  5708 | Lair:1   | 5708 ||| INVOKING Finesse.
  5709 | Lair:1   | Killed a cane toad
  5863 | Lair:1   | Noticed a black mamba
  5864 | Lair:1   | 5864 ||| RETREEEEATING.
  5866 | Lair:1   | 5866 ||| INVOKING Finesse.
  5872 | Lair:1   | Killed a black mamba
  5873 | Lair:1   | Reached skill level 6 in Invocations
  6070 | Lair:1   | Reached skill level 13 in Dodging
  6437 | Lair:1   | 6437 ||| DRINKING 2 bubbling orange potions.
  6539 | Lair:2   | Noticed a black mamba
  6540 | Lair:2   | 6540 ||| INVOKING Finesse.
  6545 | Lair:2   | Killed a black mamba
  6645 | Lair:2   | Reached XP level 11. HP: 53/53 MP: 17/17
  6687 | Lair:2   | Found a staircase to the Swamp.
  6795 | Lair:2   | Reached ***** piety under Okawaru
  6889 | Lair:2   | 6889 ||| RETREEEEATING.
  6891 | Lair:2   | 6891 ||| RETREEEEATING.
  6892 | Lair:2   | 6892 ||| RETREEEEATING.
  6893 | Lair:2   | 6893 ||| RETREEEEATING.
  6899 | Lair:2   | 6899 ||| INVOKING Finesse.
  6900 | Lair:2   | 6900 ||| INVOKING Heroism.
  6924 | Lair:2   | Reached skill level 12 in Ranged Weapons
  6970 | Lair:2   | Noticed a four-headed hydra
  6971 | Lair:2   | 6971 ||| INVOKING Finesse.
  6974 | Lair:2   | Killed a four-headed hydra
  7051 | Lair:2   | 7051 ||| RETREEEEATING.
  7052 | Lair:2   | 7052 ||| RETREEEEATING.
  7054 | Lair:2   | 7054 ||| RETREEEEATING.
  7055 | Lair:2   | 7055 ||| RETREEEEATING.
  7056 | Lair:2   | 7056 ||| RETREEEEATING.
  7057 | Lair:2   | 7057 ||| RETREEEEATING.
  7061 | Lair:2   | 7061 ||| RETREEEEATING.
  7063 | Lair:2   | 7063 ||| RETREEEEATING.
  7064 | Lair:2   | 7064 ||| RETREEEEATING.
  7066 | Lair:2   | 7066 ||| RETREEEEATING.
  7067 | Lair:2   | 7067 ||| RETREEEEATING.
  7071 | Lair:2   | Received a gift from Okawaru
  7325 | Lair:2   | 7325 ||| DRINKING 2 glowing clear potions.
  7399 | Lair:3   | Found a hole to the Spider Nest.
  7561 | Lair:3   | Reached skill level 14 in Dodging
  7561 | Lair:3   | Reached skill level 9 in Invocations
  7989 | Lair:3   | 7989 ||| DROPPING amulet of the acrobat.
  7990 | Lair:3   | 7990 ||| READING scroll of identify.
  7990 | Lair:3   | 7990 ||| IDENTIFYING murky puce potion
  7991 | Lair:3   | 7991 ||| DROPPING potion of lignification.
  8024 | Lair:4   | 8024 ||| RETREEEEATING.
  8028 | Lair:4   | 8028 ||| INVOKING Finesse.
  8077 | Lair:4   | HP: 8/55 [yak (8)]
  8078 | Lair:4   | 8078 ||| READING 3 scrolls of teleportation.
  8084 | Lair:4   | HP: 10/55 [yak (4)]
  8088 | Lair:4   | 8088 ||| READING 2 scrolls of teleportation.
  8095 | Lair:4   | 8095 ||| INVOKING Finesse.
  8101 | Lair:4   | Reached XP level 12. HP: 25/60 MP: 14/20
  8120 | Lair:4   | Reached skill level 15 in Dodging
  8293 | Lair:4   | Received a gift from Okawaru
  8426 | Lair:4   | 8426 ||| READING scroll of enchant weapon.
  8426 | Lair:4   | 8426 ||| ENCHANTING +2 hand cannon of freezing.
  8641 | Lair:4   | 8641 ||| RETREEEEATING.
  8644 | Lair:4   | 8644 ||| RETREEEEATING.
  8646 | Lair:4   | 8646 ||| RETREEEEATING.
  8647 | Lair:4   | 8647 ||| RETREEEEATING.
  8648 | Lair:4   | 8648 ||| RETREEEEATING.
  8649 | Lair:4   | 8649 ||| RETREEEEATING.
  8650 | Lair:4   | 8650 ||| RETREEEEATING.
  8651 | Lair:4   | 8651 ||| RETREEEEATING.
  8652 | Lair:4   | 8652 ||| RETREEEEATING.
  8653 | Lair:4   | 8653 ||| RETREEEEATING.
  8654 | Lair:4   | 8654 ||| RETREEEEATING.
  8655 | Lair:4   | 8655 ||| RETREEEEATING.
  8656 | Lair:4   | 8656 ||| RETREEEEATING.
  8657 | Lair:4   | 8657 ||| RETREEEEATING.
  8658 | Lair:4   | 8658 ||| RETREEEEATING.
  8704 | Lair:4   | Reached ****** piety under Okawaru
  8705 | Lair:4   | 8705 ||| INVOKING Receive Weapon.
  8705 | Lair:4   | 8705 ||| ACQUIRING +1 heavy hand cannon
  8705 | Lair:4   | Acquired a +1 heavy hand cannon
  8705 | Lair:4   | Received a gift from Okawaru
  8706 | Lair:4   | 8706 ||| INVOKING Receive Armour.
  8706 | Lair:4   | 8706 ||| ACQUIRING +2 cloak of Beyond {+Inv rCorr Int-3
                  | Stlth+}
  8706 | Lair:4   | Acquired the +2 cloak of Beyond {+Inv rCorr Int-3 Stlth+}
  8706 | Lair:4   | Received a gift from Okawaru
  8861 | Lair:4   | 8861 ||| UPGRADING to +2 cloak of Beyond {+Inv rCorr Int-3
                  | Stlth+}.
  8899 | Lair:5   | Entered Level 5 of the Lair of Beasts
  8899 | Lair:5   | Noticed a six-headed hydra
  8899 | Lair:5   | Noticed a boulder beetle
  8900 | Lair:5   | 8900 ||| STAIRDANCE
  8904 | Lair:5   | 8904 ||| STAIRDANCE
  8908 | Lair:5   | 8908 ||| INVOKING Finesse.
  8909 | Lair:5   | 8909 ||| STAIRDANCE
  8978 | Lair:5   | 8978 ||| RETREEEEATING.
  8979 | Lair:5   | 8979 ||| RETREEEEATING.
  8980 | Lair:5   | 8980 ||| RETREEEEATING.
  8989 | Lair:5   | 8989 ||| INVOKING Finesse.
  8992 | Lair:5   | Killed a six-headed hydra
  8993 | Lair:5   | Reached skill level 16 in Dodging
  9021 | Lair:5   | 9021 ||| INVOKING Finesse.
  9030 | Lair:5   | Killed a boulder beetle
  9042 | Lair:5   | Received a gift from Okawaru
  9133 | Lair:5   | 9133 ||| RETREEEEATING.
  9134 | Lair:5   | 9134 ||| INVOKING Finesse.
  9170 | Lair:5   | Reached skill level 6 in Fighting
  9202 | Lair:5   | 9202 ||| INVOKING Finesse.
  9203 | Lair:5   | 9203 ||| INVOKING Finesse.
  9277 | Lair:5   | 9277 ||| RETREEEEATING.
  9281 | Lair:5   | 9281 ||| RETREEEEATING.
  9282 | Lair:5   | 9282 ||| RETREEEEATING.
  9285 | Lair:5   | 9285 ||| RETREEEEATING.
  9286 | Lair:5   | 9286 ||| RETREEEEATING.
  9287 | Lair:5   | 9287 ||| RETREEEEATING.
  9288 | Lair:5   | 9288 ||| INVOKING Finesse.
  9294 | Lair:5   | Reached XP level 13. HP: 65/65 MP: 15/21
  9297 | Lair:5   | 9297 ||| INVOKING Heroism.
  9362 | Lair:5   | Reached skill level 17 in Dodging
  9370 | Lair:5   | 9370 ||| INVOKING Finesse.
  9371 | Lair:5   | 9371 ||| INVOKING Heroism.
  9457 | Lair:5   | 9457 ||| INVOKING Finesse.
  9458 | Lair:5   | 9458 ||| INVOKING Heroism.
  9479 | Lair:5   | Noticed a dire elephant
  9486 | Lair:5   | Killed a dire elephant
  9486 | Lair:5   | Received a gift from Okawaru
  9531 | Lair:5   | 9531 ||| INVOKING Finesse.
  9532 | Lair:5   | 9532 ||| INVOKING Heroism.
  9708 | Lair:5   | 9708 ||| RETREEEEATING.
  9711 | Lair:5   | 9711 ||| RETREEEEATING.
  9718 | Lair:5   | 9718 ||| RETREEEEATING.
  9719 | Lair:5   | 9719 ||| RETREEEEATING.
  9720 | Lair:5   | 9720 ||| RETREEEEATING.
  9721 | Lair:5   | 9721 ||| RETREEEEATING.
  9725 | Lair:5   | Reached skill level 15 in Ranged Weapons
  9725 | Lair:5   | 9725 ||| RETREEEEATING.
  9741 | Lair:5   | 9741 ||| RETREEEEATING.
  9742 | Lair:5   | 9742 ||| RETREEEEATING.
  9743 | Lair:5   | 9743 ||| RETREEEEATING.
  9744 | Lair:5   | 9744 ||| RETREEEEATING.
  9745 | Lair:5   | 9745 ||| RETREEEEATING.
  9746 | Lair:5   | 9746 ||| RETREEEEATING.
  9747 | Lair:5   | 9747 ||| RETREEEEATING.
  9748 | Lair:5   | 9748 ||| RETREEEEATING.
  9749 | Lair:5   | 9749 ||| RETREEEEATING.
  9752 | Lair:5   | 9752 ||| RETREEEEATING.
  9764 | Lair:5   | 9764 ||| RETREEEEATING.
  9767 | Lair:5   | 9767 ||| RETREEEEATING.
  9768 | Lair:5   | 9768 ||| RETREEEEATING.
  9878 | Lair:5   | Found a viscous altar of Jiyva.
  9885 | Lair:5   | Found a staircase to the Slime Pits.
 10018 | Lair:5   | Reached skill level 18 in Dodging
 10155 | Lair:5   | 10155 ||| FLEEEEING.
 10157 | Lair:5   | 10157 ||| FLEEEEING.
 10158 | Lair:5   | 10158 ||| FLEEEEING.
 10164 | Lair:5   | Received a gift from Okawaru
 10235 | Lair:5   | Got an earthy gem with 442 turns to spare
 10360 | Lair:5   | 10360 ||| RETREEEEATING.
 10361 | Lair:5   | 10361 ||| RETREEEEATING.
 10362 | Lair:5   | 10362 ||| RETREEEEATING.
 10363 | Lair:5   | 10363 ||| RETREEEEATING.
 10365 | Lair:5   | 10365 ||| INVOKING Finesse.
 10466 | Lair:5   | 10466 ||| PLANNING D:1-11
 10466 | Lair:5   | 10466 ||| DROPPING +2 robe of positive energy.
 10467 | Lair:5   | 10467 ||| DROPPING +6 ring of strength.
 10468 | Lair:5   | 10468 ||| READING scroll of identify.
 10468 | Lair:5   | 10468 ||| IDENTIFYING red potion
 10469 | Lair:5   | 10469 ||| READING 2 scrolls labelled DINIUBLOIHY.
 10470 | Lair:5   | 10470 ||| READING 2 scrolls labelled GEKLUK URAUCK.
 10471 | Lair:5   | 10471 ||| DRINKING 3 glowing pink potions.
 10472 | Lair:5   | 10472 ||| DRINKING 2 metallic green potions.
 10473 | Lair:5   | 10473 ||| DROPPING scroll of noise.
 10474 | Lair:5   | 10474 ||| DROPPING scroll of fog.
 10639 | D:9      | Found a glowing golden altar of the Shining One.
 10690 | D:9      | Noticed Psyche
 10721 | D:9      | 10721 ||| RETREEEEATING.
 10725 | D:9      | Killed Psyche
 10752 | D:9      | Found a staircase to the Orcish Mines.
 11348 | D:9      | 11348 ||| DROPPING ring of positive energy.
 11395 | D:10     | Entered Level 10 of the Dungeon
 11708 | D:10     | Found Ryuph's Jewellery Shoppe.
 11718 | D:10     | 11718 ||| BUYING amulet of faith (680 gold).
 11718 | D:10     | Bought an amulet of faith for 680 gold pieces
 11799 | D:10     | Found Nuigomih's General Store.
 11819 | D:10     | 11819 ||| BUYING scroll of identify (28 gold).
 11819 | D:10     | Bought a scroll of identify for 28 gold pieces
 12005 | D:10     | Found Tekuaroo's Distillery.
 12011 | D:10     | Found Ririxusa's Weapon Emporium.
 12023 | D:10     | 12023 ||| BUYING potion of curing (39 gold).
 12023 | D:10     | Bought a potion of curing for 39 gold pieces
 12023 | D:10     | 12023 ||| BUYING potion of curing (39 gold).
 12023 | D:10     | Bought a potion of curing for 39 gold pieces
 12023 | D:10     | 12023 ||| BUYING potion of heal wounds (65 gold).
 12023 | D:10     | Bought a potion of heal wounds for 65 gold pieces
 12023 | D:10     | 12023 ||| BUYING potion of might (52 gold).
 12023 | D:10     | Bought a potion of might for 52 gold pieces
 12023 | D:10     | 12023 ||| BUYING potion of resistance (130 gold).
 12023 | D:10     | Bought a potion of resistance for 130 gold pieces
 12225 | D:10     | 12225 ||| UPGRADING to amulet of faith.
 12235 | D:10     | 12235 ||| READING 2 scrolls of identify.
 12235 | D:10     | 12235 ||| IDENTIFYING fuming red potion
 12236 | D:10     | 12236 ||| READING scroll of identify.
 12236 | D:10     | 12236 ||| IDENTIFYING bubbling white potion
 12250 | D:11     | Found the +4 skin of Zhor {*Englaciate rC+++ SInv}
 12460 | D:11     | Found Yhegote's Jewellery Emporium.
 12461 | D:11     | Noticed Nergalle
 12469 | D:11     | Killed Nergalle
 12469 | D:11     | Received a gift from Okawaru
 12478 | D:11     | 12478 ||| SHOPLISTING +6 ring of dexterity (540 gold, have
                  | 308).
 12524 | D:11     | 12524 ||| RETREEEEATING.
 12791 | D:11     | Found Xorphas's Magic Scroll Emporium.
 12794 | D:11     | 12794 ||| BUYING scroll of identify (28 gold).
 12794 | D:11     | Bought a scroll of identify for 28 gold pieces
 12794 | D:11     | 12794 ||| BUYING scroll of teleportation (42 gold).
 12794 | D:11     | Bought a scroll of teleportation for 42 gold pieces
 12794 | D:11     | 12794 ||| BUYING scroll of teleportation (42 gold).
 12794 | D:11     | Bought a scroll of teleportation for 42 gold pieces
 12794 | D:11     | 12794 ||| BUYING scroll of teleportation (42 gold).
 12794 | D:11     | Bought a scroll of teleportation for 42 gold pieces
 12853 | D:11     | Reached XP level 14. HP: 72/72 MP: 22/22
 13425 | D:11     | 13425 ||| PLANNING D
 13425 | D:11     | 13425 ||| UPGRADING to +4 skin of Zhor {*Englaciate rC+++
                  | SInv}.
 13435 | D:11     | 13435 ||| DROPPING +0 steam dragon scales.
 13522 | D:12     | Noticed Sonja
 13527 | D:12     | Killed Sonja
 14127 | D:12     | 14127 ||| READING 2 scrolls of identify.
 14127 | D:12     | 14127 ||| IDENTIFYING scroll labelled QUINNU IV VEHU
 14128 | D:12     | 14128 ||| DROPPING scroll of torment.
 14169 | D:13     | 14169 ||| STAIRDANCE
 14176 | D:12     | Received a gift from Okawaru
 14198 | D:13     | Reached skill level 19 in Dodging
 14241 | D:13     | 14241 ||| READING scroll of enchant weapon.
 14241 | D:13     | 14241 ||| ENCHANTING +3 hand cannon of freezing.
 14312 | D:13     | 14312 ||| RETREEEEATING.
 14315 | D:13     | 14315 ||| FLEEEEING.
 14316 | D:13     | 14316 ||| FLEEEEING.
 14317 | D:13     | 14317 ||| FLEEEEING.
 14318 | D:13     | 14318 ||| FLEEEEING.
 14319 | D:13     | 14319 ||| FLEEEEING.
 14320 | D:13     | 14320 ||| FLEEEEING.
 14321 | D:13     | 14321 ||| FLEEEEING.
 14322 | D:13     | 14322 ||| FLEEEEING.
 14323 | D:13     | 14323 ||| FLEEEEING.
 14324 | D:13     | 14324 ||| FLEEEEING.
 14325 | D:13     | 14325 ||| FLEEEEING.
 14326 | D:13     | 14326 ||| FLEEEEING.
 14327 | D:13     | 14327 ||| FLEEEEING.
 14335 | D:13     | 14335 ||| RETREEEEATING.
 14336 | D:13     | 14336 ||| RETREEEEATING.
 14772 | D:13     | 14772 ||| READING 2 scrolls of identify.
 14772 | D:13     | 14772 ||| IDENTIFYING scroll labelled AMMAM LISH
 14773 | D:13     | 14773 ||| DROPPING scroll of silence.
 14956 | D:14     | 14956 ||| Stepping ~*~*~tactically~*~*~ (cloud).
 14957 | D:14     | 14957 ||| FLEEEEING.
 14960 | D:14     | HP: 13/72 [centaur warrior/arrow (11)]
 14961 | D:14     | 14961 ||| READING 7 scrolls of teleportation.
 14962 | D:14     | 14962 ||| DRINKING 3 potions of heal wounds.
 14964 | D:14     | 14964 ||| FLEEEEING.
 14968 | D:14     | Received a gift from Okawaru
 15315 | D:14     | Identified the +4 rapier "Liafist" {flame, rN+ Str+3}
 15349 | D:14     | 15349 ||| RETREEEEATING.
 15350 | D:14     | 15350 ||| RETREEEEATING.
 15351 | D:14     | 15351 ||| RETREEEEATING.
 15352 | D:14     | 15352 ||| RETREEEEATING.
 15361 | D:14     | Noticed an ironbound thunderhulk
 15362 | D:14     | 15362 ||| DRINKING 6 potions of resistance.
 15366 | D:14     | 15366 ||| INVOKING Finesse.
 15367 | D:14     | 15367 ||| ZAPPING wand of acid (7) at 2,4 (ironbound
                  | thunderhulk; floor).
 15368 | D:14     | 15368 ||| ZAPPING wand of acid (6) at 2,4 (ironbound
                  | thunderhulk; floor).
 15369 | D:14     | 15369 ||| ZAPPING wand of acid (5) at 2,4 (ironbound
                  | thunderhulk; floor).
 15372 | D:14     | 15372 ||| ZAPPING wand of acid (4) at 2,4 (ironbound
                  | thunderhulk; floor).
 15373 | D:14     | 15373 ||| ZAPPING wand of acid (3) at 2,3 (ironbound
                  | thunderhulk; open_door).
 15384 | D:14     | 15384 ||| ZAPPING wand of acid (2) at 1,2 (ironbound
                  | thunderhulk; floor).
 15385 | D:14     | 15385 ||| ZAPPING wand of acid (1) at 0,2 (ironbound
                  | thunderhulk; floor).
 15387 | D:14     | 15387 ||| INVOKING Heroism.
 15388 | D:14     | Killed an ironbound thunderhulk
 15458 | D:14     | 15458 ||| FLEEEEING.
 15459 | D:14     | 15459 ||| FLEEEEING.
 15460 | D:14     | 15460 ||| FLEEEEING.
 15461 | D:14     | 15461 ||| FLEEEEING.
 15463 | D:14     | 15463 ||| FLEEEEING.
 15464 | D:14     | 15464 ||| FLEEEEING.
 15465 | D:14     | 15465 ||| FLEEEEING.
 15466 | D:14     | 15466 ||| FLEEEEING.
 15468 | D:14     | 15468 ||| FLEEEEING.
 15469 | D:14     | 15469 ||| FLEEEEING.
 15470 | D:14     | 15470 ||| FLEEEEING.
 15472 | D:14     | 15472 ||| FLEEEEING.
 15473 | D:14     | 15473 ||| FLEEEEING.
 15474 | D:14     | 15474 ||| FLEEEEING.
 15475 | D:14     | 15475 ||| FLEEEEING.
 15477 | D:14     | 15477 ||| FLEEEEING.
 15479 | D:14     | 15479 ||| FLEEEEING.
 15481 | D:14     | 15481 ||| FLEEEEING.
 15482 | D:14     | 15482 ||| FLEEEEING.
 15483 | D:14     | 15483 ||| FLEEEEING.
 15483 | D:14     | HP: 14/72 [centaur warrior/arrow (8)]
 15484 | D:14     | 15484 ||| READING 6 scrolls of teleportation.
 15485 | D:14     | 15485 ||| DRINKING 2 potions of heal wounds.
 15486 | D:14     | 15486 ||| DRINKING potion of heal wounds.
 15487 | D:14     | 15487 ||| FLEEEEING.
 15488 | D:14     | 15488 ||| FLEEEEING.
 15630 | D:14     | 15630 ||| RETREEEEATING.
 15631 | D:14     | 15631 ||| RETREEEEATING.
 15632 | D:14     | 15632 ||| RETREEEEATING.
 15635 | D:14     | 15635 ||| RETREEEEATING.
 15638 | D:14     | 15638 ||| RETREEEEATING.
 15639 | D:14     | 15639 ||| RETREEEEATING.
 15641 | D:14     | 15641 ||| RETREEEEATING.
 15642 | D:14     | 15642 ||| RETREEEEATING.
 15644 | D:14     | 15644 ||| RETREEEEATING.
 15650 | D:14     | Reached skill level 20 in Dodging
 15655 | D:14     | Received a gift from Okawaru
 15833 | D:14     | Found a gate to the Vaults.
 15874 | D:14     | 15874 ||| DROPPING ring of resist corrosion.
 15886 | D:15     | Entered Level 15 of the Dungeon
 15934 | D:15     | 15934 ||| RETREEEEATING.
 15935 | D:15     | 15935 ||| RETREEEEATING.
 15936 | D:15     | 15936 ||| RETREEEEATING.
 15937 | D:15     | 15937 ||| RETREEEEATING.
 15938 | D:15     | 15938 ||| RETREEEEATING.
 15939 | D:15     | 15939 ||| RETREEEEATING.
 15940 | D:15     | 15940 ||| RETREEEEATING.
 15941 | D:15     | 15941 ||| RETREEEEATING.
 15942 | D:15     | 15942 ||| RETREEEEATING.
 15943 | D:15     | 15943 ||| RETREEEEATING.
 15945 | D:15     | 15945 ||| RETREEEEATING.
 15946 | D:15     | 15946 ||| RETREEEEATING.
 15949 | D:15     | 15949 ||| RETREEEEATING.
 15950 | D:15     | 15950 ||| RETREEEEATING.
 15951 | D:15     | 15951 ||| RETREEEEATING.
 15953 | D:15     | 15953 ||| RETREEEEATING.
 15954 | D:15     | 15954 ||| RETREEEEATING.
 15959 | D:15     | 15959 ||| RETREEEEATING.
 15960 | D:15     | 15960 ||| RETREEEEATING.
 15961 | D:15     | 15961 ||| RETREEEEATING.
 15962 | D:15     | 15962 ||| INVOKING Finesse.
 15976 | D:15     | Received a gift from Okawaru
 16073 | D:15     | Noticed Louise
 16075 | D:15     | 16075 ||| INVOKING Finesse.
 16099 | D:15     | Killed Louise
 16234 | D:15     | 16234 ||| RETREEEEATING.
 16242 | D:15     | HP: 13/72 [mirror damage (13)]
 16243 | D:15     | 16243 ||| READING 5 scrolls of teleportation.
 16246 | D:15     | 16246 ||| FLEEEEING.
 16247 | D:15     | 16247 ||| FLEEEEING.
 16248 | D:15     | 16248 ||| FLEEEEING.
 16249 | D:15     | 16249 ||| FLEEEEING.
 16255 | D:15     | 16255 ||| READING 4 scrolls of teleportation.
 16594 | D:15     | Reached skill level 18 in Ranged Weapons
 16594 | D:15     | Reached XP level 15. HP: 75/75 MP: 23/23
 16715 | D:15     | 16715 ||| RETREEEEATING.
 16716 | D:15     | 16716 ||| RETREEEEATING.
 16718 | D:15     | 16718 ||| RETREEEEATING.
 16720 | D:15     | 16720 ||| RETREEEEATING.
 16729 | D:15     | 16729 ||| RETREEEEATING.
 16743 | D:15     | Received a gift from Okawaru
 17152 | D:15     | Found a portal to a secret trove of treasure.
 17424 | D:15     | Found a staircase to the Depths.
 17436 | D:15     | Got a smoky gem with 325 turns to spare
 17499 | D:15     | Found a white marble altar of Elyvilon.
 17563 | D:15     | 17563 ||| PLANNING ORC
 17729 | Orc:1    | Entered Level 1 of the Orcish Mines
 17742 | Orc:1    | 17742 ||| STAIRDANCE
 17798 | Orc:1    | Found a runed translucent door.
 17804 | Orc:1    | Found the +10 tower shield of Ignorance {rN+ Int-4}
 17830 | Orc:1    | Found a runed translucent door.
 17924 | Orc:2    | Entered Level 2 of the Orcish Mines
 17924 | Orc:2    | Found a gate leading to a gauntlet.
 17924 | Orc:2    | Found an iron altar of Okawaru.
 17925 | Orc:2    | 17925 ||| PLANNING GAUNTLET
 17931 | Orc:2    | 17931 ||| INVOKING Finesse.
 17949 | Orc:2    | Reached skill level 21 in Dodging
 18101 | Gauntlet | Entered a Gauntlet
 18101 | Gauntlet | Found a transporter.
 18101 | Gauntlet | Found a transporter.
 18113 | Gauntlet | Found a transporter.
 18131 | Gauntlet | Found a transporter.
 18131 | Gauntlet | Found a transporter.
 18131 | Gauntlet | Found a transporter.
 18133 | Gauntlet | Found a transporter.
 18133 | Gauntlet | Found a transporter.
 18146 | Gauntlet | Found a transporter.
 18161 | Gauntlet | Found a transporter.
 18171 | Gauntlet | Found a transporter.
 18176 | Gauntlet | Found a transporter.
 18216 | Gauntlet | Found a transporter.
 18229 | Gauntlet | Found a transporter.
 18252 | Gauntlet | 18252 ||| RETREEEEATING.
 18253 | Gauntlet | 18253 ||| RETREEEEATING.
 18254 | Gauntlet | 18254 ||| RETREEEEATING.
 18255 | Gauntlet | 18255 ||| RETREEEEATING.
 18256 | Gauntlet | 18256 ||| INVOKING Finesse.
 18296 | Gauntlet | 18296 ||| DROPPING amulet of regeneration.
 18497 | Orc:2    | 18497 ||| PLANNING ORC
 18589 | Orc:1    | Received a gift from Okawaru
 18805 | Orc:1    | Noticed Urug
 18807 | Orc:1    | 18807 ||| RETREEEEATING.
 18809 | Orc:1    | 18809 ||| RETREEEEATING.
 18810 | Orc:1    | 18810 ||| RETREEEEATING.
 18811 | Orc:1    | 18811 ||| RETREEEEATING.
 18812 | Orc:1    | 18812 ||| RETREEEEATING.
 18813 | Orc:1    | 18813 ||| RETREEEEATING.
 18816 | Orc:1    | 18816 ||| INVOKING Finesse.
 18819 | Orc:1    | HP: 1/77 [Urug/+2 long sword (32)]
 18820 | Orc:1    | 18820 ||| READING 4 scrolls of teleportation.
 18825 | Orc:1    | Killed Urug
 19086 | Orc:2    | Noticed Erolcha
 19094 | Orc:2    | 19094 ||| RETREEEEATING.
 19095 | Orc:2    | 19095 ||| RETREEEEATING.
 19095 | Orc:2    | Noticed Saint Roka
 19096 | Orc:2    | 19096 ||| RETREEEEATING.
 19097 | Orc:2    | 19097 ||| RETREEEEATING.
 19098 | Orc:2    | 19098 ||| RETREEEEATING.
 19099 | Orc:2    | 19099 ||| RETREEEEATING.
 19100 | Orc:2    | 19100 ||| RETREEEEATING.
 19101 | Orc:2    | 19101 ||| RETREEEEATING.
 19102 | Orc:2    | 19102 ||| INVOKING Finesse.
 19103 | Orc:2    | 19103 ||| RETREEEEATING.
 19105 | Orc:2    | 19105 ||| RETREEEEATING.
 19106 | Orc:2    | 19106 ||| RETREEEEATING.
 19107 | Orc:2    | 19107 ||| RETREEEEATING.
 19108 | Orc:2    | 19108 ||| RETREEEEATING.
 19109 | Orc:2    | 19109 ||| RETREEEEATING.
 19110 | Orc:2    | 19110 ||| RETREEEEATING.
 19111 | Orc:2    | 19111 ||| RETREEEEATING.
 19112 | Orc:2    | 19112 ||| RETREEEEATING.
 19113 | Orc:2    | 19113 ||| RETREEEEATING.
 19117 | Orc:2    | 19117 ||| RETREEEEATING.
 19119 | Orc:2    | 19119 ||| RETREEEEATING.
 19153 | Orc:2    | Killed Saint Roka
 19487 | Orc:2    | 19487 ||| INVOKING Finesse.
 19501 | Orc:2    | Killed Erolcha
 19556 | Orc:2    | Found Pasiz's General Store.
 19564 | Orc:2    | 19564 ||| BUYING scroll of enchant weapon (97 gold).
 19564 | Orc:2    | Bought a scroll of enchant weapon for 97 gold pieces
 19564 | Orc:2    | 19564 ||| READING scroll of enchant weapon.
 19564 | Orc:2    | 19564 ||| ENCHANTING +4 hand cannon of freezing.
 19576 | Orc:2    | Found a staircase to the Elven Halls.
 19658 | Orc:2    | Found Rimyatef's Antique Weapon Boutique.
 19781 | Orc:2    | Found Koicru's Book Boutique.
 19796 | Orc:2    | Found Nyataone's Antique Armour Boutique.
 19803 | Orc:2    | 19803 ||| SHOPLISTING steaming quicksilver dragon scales
                  | (2080 gold, have 1205).
 19852 | Orc:2    | 19852 ||| PLANNING SPIDER:1-3
 20002 | Spider:1 | Entered Level 1 of the Spider Nest
 20006 | Spider:1 | 20006 ||| STAIRDANCE
 20011 | Lair:3   | Reached skill level 22 in Dodging
 20072 | Spider:1 | 20072 ||| STAIRDANCE
 20121 | Spider:1 | 20121 ||| STAIRDANCE
 20208 | Spider:1 | 20208 ||| STAIRDANCE
 20212 | Lair:3   | 20212 ||| RETREEEEATING.
 20213 | Lair:3   | 20213 ||| RETREEEEATING.
 20214 | Lair:3   | 20214 ||| RETREEEEATING.
 20215 | Lair:3   | 20215 ||| RETREEEEATING.
 20216 | Lair:3   | 20216 ||| RETREEEEATING.
 20225 | Lair:3   | 20225 ||| INVOKING Finesse.
 20261 | Spider:1 | 20261 ||| STAIRDANCE
 20289 | Spider:1 | 20289 ||| DRINKING 10 potions of curing.
 20289 | Spider:1 | 20289 ||| (to cure confusion)
 20310 | Spider:1 | 20310 ||| RETREEEEATING.
 20312 | Spider:1 | 20312 ||| RETREEEEATING.
 20314 | Spider:1 | 20314 ||| RETREEEEATING.
 20316 | Spider:1 | 20316 ||| RETREEEEATING.
 20318 | Spider:1 | 20318 ||| RETREEEEATING.
 20328 | Spider:1 | Received a gift from Okawaru
 20343 | Spider:1 | Blown up by an orb spider

Levels and vault maps discovered:
D:1:      heliophobic_arrival_battle_scene, layout_rooms
D:2:      minmay_skewed_foursquare, layout_loops_ring, hangedman_decor_points,
          minmay_misc_feat_alley, minmay_circle_x
D:3:      cheibrodos_greedy_goblins, layout_basic,
          hellmonk_ecumenical_altar_defaced_shrine, kennysheep_cross_bottleneck,
          uniq_ijyb
D:4:      layout_rooms, lemuel_round_altar, mainiacjoe_overflow_brackets,
          minmay_temple_entry_hall, kennysheep_donut, uniq_grinder
D:5:      layout_basic, uniq_pikel
D:6:      layout_basic, jmf_multi_god_temple2, grunt_tough_drop,
          uniq_prince_ribbit1
D:7:      layout_rooms, minivault_26
D:8:      layout_basic, grunt_temple_overflow_order_and_chaos_1,
          mainiacjoe_overflow_boulevard, david_lair_generic
D:9:      layout_roguey, amcnicky_altar_gilded, hiddenorc1_lemuel,
          water_boxes_lemuel, uniq_psyche
D:10:     layout_cave_pods, serial_shops, nicolae_shop_peninsula, shop, shop,
          nicolae_shop_stone, nicolae_zig_zag_zippers
D:11:     layout_layer_cave, serial_shops, nicolae_shop_crystal, shop,
          minmay_misc_feat_square, hellmonk_guarded_unrand_zhor, uniq_nergalle
D:12:     nicolae_hitomezashi [nicolae_hito_row, nicolae_hito_row,
          nicolae_hito_row, nicolae_hito_row, nicolae_hito_row,
          nicolae_hito_row, nicolae_hito_row, nicolae_hito_row,
          nicolae_hito_row, nicolae_hito_row, nicolae_hito_row,
          nicolae_hito_row, nicolae_hito_row, nicolae_hito_row,
          nicolae_hito_row, nicolae_hito_row, nicolae_hito_row,
          nicolae_hito_row], layout_gridville, uniq_sonja
D:13:     layout_cave_pools, nrook_guardian_serpent_double
D:14:     layout_irregular_city, hellmonk_vaults_keyhole, serial_column_ruins,
          column_ruins_hut, column_ruins_open_small, column_ruins_open_tiny,
          column_ruins_open_small, column_ruins_corridor_straight,
          serial_park_fountain
D:15:     grunt_enter_depths_hoard, layout_layer_cave, trove_entry_hex_spiral,
          nicolae_elyvilon_temple_path, uniq_louise
Temple:   jpeg_temple_clearing
Lair:1:   layout_cave_pods
Lair:2:   layout_long_grid, nicolae_swamp_entry_splash_gauntlet,
          grunt_megastairs_3
Lair:3:   layout_regular_city, dummy_spider_entry
Lair:4:   layout_gridlike, bh_autumn_forest_stairs
Lair:5:   guppyfry_lair_end_dragon, layout_small_grid,
          hangedman_lair_caniforms_friends, nicolae_slime_entry_field_trip
Spider:1: layout_spider_delve, nicolae_spider_webbed_stairs
Orc:1:    layout_diamond_mine, chequers_guarded_unrand_ignorance, uniq_urug
Orc:2:    grunt_orc_cross, layout_caves, gauntlet_entry_generic,
          okawaru_metal_pillars_1_2

Skill      XL: |  1  2  3  4  5  6  7  8  9 10 11 12 13 14 15 |
---------------+----------------------------------------------+-----
Dodging        | 3 4 5 6 7 9 12 13 14 16 18 20 22 | 22.0
Ranged Weapons | 5 6 7 8 10 11 12 14 16 18 | 18.4
Fighting       | 2 3 4 5 6 7 8 |  8.0
Invocations    | 4 7 10 | 10.0
Armour         | 1 2 |  2.1
Stealth        | |  1.5

Action                     |  1- 3 |  4- 6 |  7- 9 | 10-12 | 13-15 || total
---------------------------+-------+-------+-------+-------+-------++-------
   Fire: Shortbow          |    93 |   160 |   335 |       |       ||   588
         Orcbow            |       |       |    57 |    28 |       ||    85
         Hand cannon       |       |       |       |   434 |  1143 ||  1577
 Invoke: Heroism           |       |       |     4 |     1 |     5 ||    10
         Finesse           |       |       |       |    14 |    13 ||    27
         Receive Weapon    |       |       |       |     1 |       ||     1
         Receive Armour    |       |       |       |     1 |       ||     1
  Evoke: Wand              |       |     3 |       |       |     7 ||    10
    Use: Scroll            |     4 |     6 |     1 |     6 |    14 ||    31
         Potion            |       |     1 |     3 |     2 |     7 ||    13
 Armour: Robe              |    11 |    25 |    25 |       |       ||    61
         Steam dragon scal |       |       |    15 |    49 |    33 ||    97
         Animal skin       |       |       |       |       |    81 ||    81
  Dodge: Dodged            |    42 |    75 |   211 |   398 |   764 ||  1490

Table legend:
 A = Non-vault XP
 B = Vault XP
 C = Vault XP percentage of total XP
 D = Non-vault monster count
 E = Vault monster count
 F = Vault count percentage of total count
                 A         B        C        D         E       F
            +---------+---------+-------+---------+---------+-------
      Total |   92789 |   45990 |  33.1 |     478 |     211 |  30.6
            +---------+---------+-------+---------+---------+-------
        D:1 |      48 |       0 |   0.0 |      21 |       0 |   0.0
        D:2 |     111 |      42 |  27.5 |      22 |      11 |  33.3
        D:3 |      53 |      67 |  55.8 |      10 |      15 |  60.0
        D:4 |     289 |     272 |  48.5 |      20 |       1 |   4.8
        D:5 |     343 |     629 |  64.7 |      16 |       1 |   5.9
        D:6 |     915 |     578 |  38.7 |      20 |       8 |  28.6
        D:7 |     772 |       0 |   0.0 |      18 |       0 |   0.0
        D:8 |    1711 |    1003 |  37.0 |      13 |       4 |  23.5
        D:9 |    1861 |     557 |  23.0 |      30 |      17 |  36.2
       D:10 |     815 |       0 |   0.0 |       9 |       0 |   0.0
       D:11 |    3375 |    1899 |  36.0 |      17 |       4 |  19.0
       D:12 |    4946 |    1350 |  21.4 |      19 |       2 |   9.5
       D:13 |    5928 |     457 |   7.2 |      15 |       1 |   6.2
       D:14 |    8793 |    5947 |  40.3 |      20 |      10 |  33.3
       D:15 |   16480 |    2965 |  15.2 |      26 |       3 |  10.3
     Lair:1 |    2929 |       0 |   0.0 |      14 |       0 |   0.0
     Lair:2 |    3817 |    2622 |  40.7 |      13 |       9 |  40.9
     Lair:3 |    5435 |       0 |   0.0 |      18 |       0 |   0.0
     Lair:4 |    9104 |       0 |   0.0 |      40 |       0 |   0.0
     Lair:5 |   14821 |   14291 |  49.1 |      44 |      78 |  63.9
   Spider:1 |    3783 |       0 |   0.0 |      15 |       0 |   0.0
      Orc:1 |    2130 |     788 |  27.0 |      32 |       1 |   3.0
      Orc:2 |    4330 |    9426 |  68.5 |      26 |      36 |  58.1
   Gauntlet |       0 |    3097 | 100.0 |       0 |      10 | 100.0
            +---------+---------+-------+---------+---------+-------
